BR
YELLOWKNIFE CLAWS @ SANTA CLARITA MUSIC
08/28/2027
 
TOP OF THE 1ST
Yellowknife Claws batting - Pitching for Santa Clarita Music : LHP Jorge Gatán
Pitching: LHP Jorge Gatán
Batting: RHB Fernando Álvarez 0-0: Called Strike
0-1: Ball
1-1: Ground out 5-3 (Groundball, 5)
Batting: RHB Carlos Uribe 0-0: Foul Ball, location: 2F
0-1: Foul Ball, location: 2F
0-2: Strikes out swinging
Batting: RHB Oliver Gonzéles 0-0: Ball
1-0: Ball
2-0: Ball
3-0: Called Strike
3-1: Foul Ball, location: 2F
3-2: Foul Ball, location: 2F
3-2: Base on Balls
Batting: RHB Alan Williams 0-0: Called Strike
0-1: Swinging Strike
0-2: Ball
1-2: Foul Ball, location: 2F
1-2: Strikes out looking
Top of the 1st over - 0 run(s), 0 hit(s), 0 error(s), 1 left on base; Yellowknife 0 - Santa Clarita 0
BOTTOM OF THE 1ST
Santa Clarita Music batting - Pitching for Yellowknife Claws : RHP George Pierce
Pitching: RHP George Pierce
Batting: RHB Rickey Núñez 0-0: Called Strike
0-1: Ball
1-1: Ball
2-1: Ground out 6-3 (Groundball, 6M)
Batting: RHB Juan Morales 0-0: Foul Ball, location: 2F
0-1: Ball
1-1: Ball
2-1: Ball
3-1: Base on Balls
Batting: RHB Justin Geoghegan 0-0: Ball
1-0: Foul Ball, location: 2F
1-1: Ball
2-1: Foul Ball, location: 2F
2-2: Strikes out swinging
Juan Morales steals 2nd base
Batter strikes out.
Batting: LHB Héctor Santos 0-0: Fly out, F7 (Flyball, 7)
Bottom of the 1st over - 0 run(s), 0 hit(s), 0 error(s), 1 left on base; Yellowknife 0 - Santa Clarita 0
TOP OF THE 2ND
Yellowknife Claws batting - Pitching for Santa Clarita Music : LHP Jorge Gatán
Batting: RHB Bob Bishop 0-0: Ball
1-0: Foul Ball, location: 2F
1-1: Ball
2-1: Foul Ball, location: 2F
2-2: Ball
3-2: Base on Balls
Batting: SHB José Espinoza 0-0: Ball
1-0: Ball
2-0: Ball
3-0: Called Strike
3-1: Foul Ball, location: 2F
3-2: Base on Balls
Bob Bishop to second
Batting: RHB Juan Gómez 0-0: Swinging Strike
0-1: Foul Ball, location: 2F
0-2: Strikes out looking
Batting: RHB Charlie Pérez 0-0: Called Strike
0-1: Swinging Strike
0-2: Strikes out looking
Batting: RHB Ricardo Ontiveros 0-0: Foul Ball, location: 2F
0-1: Hit by Pitch
Bob Bishop to third
José Espinoza to second
Batting: RHB Fernando Álvarez 0-0: Called Strike
0-1: Ball
1-1: Ball
2-1: Foul Ball, location: 2F
2-2: Foul Ball, location: 2F
2-2: Ball
3-2: GRAND SLAM HOME RUN (Flyball, 89XD), Distance : 437 ft
Batting: RHB Carlos Uribe 0-0: Called Strike
0-1: Ball
1-1: Fly out, F8 (Flyball, 89D)
Top of the 2nd over - 4 run(s), 1 hit(s), 0 error(s), 0 left on base; Yellowknife 4 - Santa Clarita 0
BOTTOM OF THE 2ND
Santa Clarita Music batting - Pitching for Yellowknife Claws : RHP George Pierce
Batting: SHB Mathew Olson 0-0: Ball
1-0: Called Strike
1-1: Swinging Strike
1-2: Foul Ball, location: 2F
1-2: Strikes out looking
Batting: SHB Robbie Rhodes 0-0: Ball
1-0: Swinging Strike
1-1: Ball
2-1: Ball
3-1: Ground out U3 (Groundball, 3L)
Batting: RHB Greg Grant 0-0: Ball
1-0: SINGLE (Flyball, 8RS)
Batting: LHB Francisco Blanco 0-0: Ball
1-0: Called Strike
1-1: Ball
2-1: 2-RUN HOME RUN (Line Drive, 7LD), Distance : 360 ft
Batting: RHB Tony Collier 0-0: SINGLE (Flyball, 8RS)
Batting: RHB Rickey Núñez 0-0: Ball
1-0: Foul Ball, location: 2F
1-1: SINGLE (Groundball, 34) (infield hit)
Tony Collier to second
Batting: RHB Juan Morales 0-0: Called Strike
0-1: Swinging Strike
0-2: Fielders Choice at 2nd, 4-6 (Groundball, 4)
Bottom of the 2nd over - 2 run(s), 4 hit(s), 0 error(s), 1 left on base; Yellowknife 4 - Santa Clarita 2
TOP OF THE 3RD
Yellowknife Claws batting - Pitching for Santa Clarita Music : LHP Jorge Gatán
Batting: RHB Oliver Gonzéles 0-0: Ball
1-0: Foul Ball, location: 2F
1-1: Swinging Strike
1-2: Fly out, F9 (Flyball, 89M)
Batting: RHB Alan Williams 0-0: Called Strike
0-1: Ball
1-1: Ball
2-1: Foul Ball, location: 2F
2-2: Ground out 1-3 (Groundball, 13)
Batting: RHB Bob Bishop 0-0: Ball
1-0: Called Strike
1-1: Ball
2-1: Fly out, F8 (Flyball, 8RM)
Top of the 3rd over - 0 run(s), 0 hit(s), 0 error(s), 0 left on base; Yellowknife 4 - Santa Clarita 2
BOTTOM OF THE 3RD
Santa Clarita Music batting - Pitching for Yellowknife Claws : RHP George Pierce
Batting: RHB Justin Geoghegan 0-0: Ball
1-0: Ball
2-0: Ball
3-0: Base on Balls
Batting: LHB Héctor Santos 0-0: Ball
1-0: Foul Ball, location: 2F
1-1: Fly out, F7 (Flyball, 78S)
Batting: SHB Mathew Olson 0-0: Ball
1-0: Called Strike
1-1: Swinging Strike
1-2: Foul Ball, location: 2F
1-2: Grounds into double play, 6-4-3 (Groundball, 6)
Bottom of the 3rd over - 0 run(s), 0 hit(s), 0 error(s), 0 left on base; Yellowknife 4 - Santa Clarita 2
TOP OF THE 4TH
Yellowknife Claws batting - Pitching for Santa Clarita Music : LHP Jorge Gatán
Batting: SHB José Espinoza 0-0: Foul Ball, location: 2F
0-1: Swinging Strike
0-2: Strikes out swinging
Batting: RHB Juan Gómez 0-0: Called Strike
0-1: Swinging Strike
0-2: Foul Ball, location: 2F
0-2: Strikes out swinging
Batting: RHB Charlie Pérez 0-0: Called Strike
0-1: Ball
1-1: Swinging Strike
1-2: Ball
2-2: Ball
3-2: Fly out, F8 (Flyball, 8RD)
Top of the 4th over - 0 run(s), 0 hit(s), 0 error(s), 0 left on base; Yellowknife 4 - Santa Clarita 2
BOTTOM OF THE 4TH
Santa Clarita Music batting - Pitching for Yellowknife Claws : RHP George Pierce
Batting: SHB Robbie Rhodes 0-0: Swinging Strike
0-1: Called Strike
0-2: Foul Ball, location: 2F
0-2: Strikes out swinging
Batting: RHB Greg Grant 0-0: Called Strike
0-1: Hit by Pitch
Batting: LHB Francisco Blanco 0-0: Ball
Greg Grant is caught stealing 2nd base
1-0: Ball
2-0: Fly out, F7 (Line Drive, 7)
Bottom of the 4th over - 0 run(s), 0 hit(s), 0 error(s), 0 left on base; Yellowknife 4 - Santa Clarita 2
TOP OF THE 5TH
Yellowknife Claws batting - Pitching for Santa Clarita Music : LHP Jorge Gatán
Batting: RHB Ricardo Ontiveros 0-0: Ball
1-0: Ground out 6-3 (Groundball, 6M)
Batting: RHB Fernando Álvarez 0-0: Ball
1-0: Foul Ball, location: 2F
1-1: Fly out, F9 (Line Drive, 9LM)
Batting: RHB Carlos Uribe 0-0: SINGLE (Groundball, 56D)
Pitching: RHP César Amaya
Batting: RHB Oliver Gonzéles 0-0: Called Strike
0-1: Foul Ball, location: 2F
0-2: Strikes out looking
Top of the 5th over - 0 run(s), 1 hit(s), 0 error(s), 1 left on base; Yellowknife 4 - Santa Clarita 2
BOTTOM OF THE 5TH
Santa Clarita Music batting - Pitching for Yellowknife Claws : RHP George Pierce
Batting: RHB Tony Collier 0-0: Fly out, F9 (Flyball, 9S)
Batting: RHB Rickey Núñez 0-0: Foul Ball, location: 2F
0-1: Ground out 3-1 (Groundball, 34S)
Batting: RHB Juan Morales 0-0: Foul Ball, location: 2F
0-1: Foul Ball, location: 2F
0-2: Foul Ball, location: 2F
0-2: Ball
1-2: Ball
2-2: Foul Ball, location: 2F
2-2: Fly out, F7 (Flyball, 78D)
Bottom of the 5th over - 0 run(s), 0 hit(s), 0 error(s), 0 left on base; Yellowknife 4 - Santa Clarita 2
TOP OF THE 6TH
Yellowknife Claws batting - Pitching for Santa Clarita Music : RHP César Amaya
Batting: RHB Alan Williams 0-0: Called Strike
0-1: Foul Ball, location: 2F
0-2: Ball
1-2: Ball
2-2: Strikes out looking
Batting: RHB Bob Bishop 0-0: Called Strike
0-1: Fly out, F5 (Popup, 5S)
Batting: SHB José Espinoza 0-0: Called Strike
0-1: Ball
1-1: Foul Ball, location: 2F
1-2: Ground out 4-3 (Groundball, 4M)
Top of the 6th over - 0 run(s), 0 hit(s), 0 error(s), 0 left on base; Yellowknife 4 - Santa Clarita 2
BOTTOM OF THE 6TH
Santa Clarita Music batting - Pitching for Yellowknife Claws : RHP George Pierce
Batting: RHB Justin Geoghegan 0-0: Swinging Strike
0-1: Foul Ball, location: 2F
0-2: Ball
1-2: Ball
2-2: Ball
3-2: Foul Ball, location: 2F
3-2: Fly out, F9 (Flyball, 89M)
Batting: LHB Héctor Santos 0-0: Called Strike
0-1: Foul Ball, location: 2F
0-2: SINGLE (Groundball, 6MD)
Pitching: RHP Dale Polk
Batting: SHB Mathew Olson 0-0: Ball
1-0: Foul Ball, location: 2F
1-1: Ball
2-1: Ground out U3 (Groundball, 34S)
Héctor Santos to second
Batting: SHB Robbie Rhodes 0-0: Ball
1-0: Called Strike
1-1: Ball
2-1: Fly out, F8 (Flyball, 8LM)
Bottom of the 6th over - 0 run(s), 1 hit(s), 0 error(s), 1 left on base; Yellowknife 4 - Santa Clarita 2
TOP OF THE 7TH
Yellowknife Claws batting - Pitching for Santa Clarita Music : RHP César Amaya
Batting: RHB Juan Gómez 0-0: Ball
1-0: Called Strike
1-1: Swinging Strike
1-2: Foul Ball, location: 2F
1-2: DOUBLE (Groundball, 5L)
Batting: RHB Charlie Pérez 0-0: Ball
1-0: Fly out, F8 (Flyball, 8LM)
Batting: RHB Ricardo Ontiveros 0-0: Intentional Walk
Pinch Hitting: LHB Dennis King 0-0: Called Strike
0-1: Ball
1-1: Swinging Strike
1-2: Ball
2-2: Ball
3-2: Base on Balls
Juan Gómez to third
Ricardo Ontiveros to second
Batting: RHB Carlos Uribe 0-0: Ball
1-0: Ball
2-0: Ball
3-0: Called Strike
3-1: Foul Ball, location: 2F
3-2: Strikes out swinging
Batting: RHB Oliver Gonzéles 0-0: Ball
1-0: Foul Ball, location: 2F
1-1: Foul Ball, location: 2F
1-2: DOUBLE (Groundball, 5L)
Juan Gómez scores
Ricardo Ontiveros scores
Dennis King to third
Runner from 3rd tries for Home, SAFE, no throw
Batting: RHB Alan Williams 0-0: Intentional Walk
Pitching: RHP Pat Hardy
Batting: RHB Bob Bishop 0-0: Called Strike
0-1: Ball
1-1: Fly out, F9 (Flyball, 9)
Top of the 7th over - 3 run(s), 2 hit(s), 0 error(s), 2 left on base; Yellowknife 7 - Santa Clarita 2
BOTTOM OF THE 7TH
Santa Clarita Music batting - Pitching for Yellowknife Claws : RHP Dale Polk
Now at SS: Diego Cabañas
Batting: RHB Greg Grant 0-0: Foul Ball, location: 2F
0-1: Fly out, F7 (Flyball, 7LM)
Batting: LHB Francisco Blanco 0-0: Ball
1-0: Foul Ball, location: 2F
1-1: Called Strike
1-2: Ball
2-2: Ball
3-2: Strikes out swinging
Batting: RHB Tony Collier 0-0: Ball
1-0: Fly out, F9 (Flyball, 9S)
Bottom of the 7th over - 0 run(s), 0 hit(s), 0 error(s), 0 left on base; Yellowknife 7 - Santa Clarita 2
TOP OF THE 8TH
Yellowknife Claws batting - Pitching for Santa Clarita Music : RHP Pat Hardy
Batting: SHB José Espinoza 0-0: SINGLE (Line Drive, 6M)
Batting: RHB Juan Gómez 0-0: Ball
1-0: Ball
2-0: Ball
3-0: Base on Balls
José Espinoza to second
Batting: RHB Charlie Pérez 0-0: Ball
1-0: Bunt missed!
1-1: Ball
2-1: Sac Bunt - play at first, batter OUT! 1-4
José Espinoza to third
Juan Gómez to second
Batting: RHB Ricardo Ontiveros 0-0: Intentional Walk
Batting: RHB Diego Cabañas 0-0: Ball
1-0: Fielders Choice at 2nd, 6-4 (Groundball, 6M)
José Espinoza scores
Juan Gómez to third
Batting: RHB Carlos Uribe 0-0: Called Strike
0-1: Foul Ball, location: 2F
0-2: Fielders Choice at 2nd, 6-4 (Groundball, 6)
Top of the 8th over - 1 run(s), 1 hit(s), 0 error(s), 1 left on base; Yellowknife 8 - Santa Clarita 2
BOTTOM OF THE 8TH
Santa Clarita Music batting - Pitching for Yellowknife Claws : RHP Dale Polk
Batting: RHB Rickey Núñez 0-0: Fly out, F8 (Flyball, 8RM)
Batting: RHB Juan Morales 0-0: Fly out, F9 (Flyball, 9LS)
Batting: RHB Justin Geoghegan 0-0: SINGLE (Groundball, 3D)
Batting: LHB Héctor Santos 0-0: Ball
1-0: Foul Ball, location: 2F
1-1: SINGLE (Groundball, 6MD)
Justin Geoghegan to second
Batting: SHB Mathew Olson 0-0: Called Strike
0-1: Ball
1-1: Ball
2-1: Ball
3-1: Fly out, F8 (Flyball, 8LM)
Bottom of the 8th over - 0 run(s), 2 hit(s), 0 error(s), 2 left on base; Yellowknife 8 - Santa Clarita 2
TOP OF THE 9TH
Yellowknife Claws batting - Pitching for Santa Clarita Music : RHP Pat Hardy
Batting: RHB Oliver Gonzéles 0-0: Called Strike
0-1: Swinging Strike
0-2: Ball
1-2: Fly out, F8 (Line Drive, 89D)
Batting: RHB Alan Williams 0-0: Called Strike
0-1: Ball
1-1: Foul Ball, location: 2F
1-2: Ball
2-2: Foul Ball, location: 2F
2-2: Foul Ball, location: 2F
2-2: Foul Ball, location: 2F
2-2: Foul Ball, location: 2F
2-2: Strikes out looking
Batting: RHB Bob Bishop 0-0: Fly out, F9 (Flyball, 89S)
Top of the 9th over - 0 run(s), 0 hit(s), 0 error(s), 0 left on base; Yellowknife 8 - Santa Clarita 2
BOTTOM OF THE 9TH
Santa Clarita Music batting - Pitching for Yellowknife Claws : RHP Dale Polk
Batting: SHB Robbie Rhodes 0-0: Ball
1-0: Called Strike
1-1: Ball
2-1: Foul Ball, location: 2F
2-2: Ball
3-2: SINGLE (Line Drive, 89M)
Batting: RHB Greg Grant 0-0: Grounds into double play, 4-6-3 (Groundball, 34)
Batting: LHB Francisco Blanco 0-0: Ball
1-0: Swinging Strike
1-1: Ball
2-1: Swinging Strike
2-2: SOLO HOME RUN (Flyball, 78XD), Distance : 431 ft
Batting: RHB Tony Collier 0-0: Fly out, F9 (Flyball, 9)
Bottom of the 9th over - 1 run(s), 2 hit(s), 0 error(s), 0 left on base; Yellowknife 8 - Santa Clarita 3
Thursday, March 30th, 2017 - OOTP Baseball 17.12 Build 75